Map: Distant Plane

Players

Quake

  • Race: Zerg Zerg
  • League: Gold

Grumm

  • Race: Zerg Zerg
  • League: Gold

Protossmafia - Winner!

  • Race: Zerg Zerg

StorM - Winner!

  • Race: Protoss Protoss

VOD

Have the link to the VOD?

Description

Time

  • Played on: Feb. 13, 2016, 2:51 p.m.
  • Length: 13:16
Show
View Real Time Build Order
Export as new Build Order

Quake Zerg 

Build Orders: Hatch First 

Get SALT Encoding   

  12  0:01  Drone  
  13  0:14  Overlord  
  13  0:18  Drone  
  14  0:32  Drone x2  
  16  0:37  Drone  
  17  0:58  Hatchery  
  16  1:07  Spawning Pool  
  16  1:09  Extractor  
  16  1:11  Drone  
  15  1:16  Drone  
  16  1:19  Drone  
  16  1:23  Drone  
  18  1:33  Overlord  
  18  1:45  Drone  
  19  1:54  Queen  
  19  1:57  Drone  
  22  2:06  Drone  
  23  2:09  Queen  
  23  2:12  Metabolic Boost  
  23  2:14  Zergling x2  
  26  2:16  Zergling x2  
  26  2:21  Zergling x2  
  28  2:27  Overlord  
  28  2:34  Zergling x2  
  29  2:43  Zergling x4  
  31  2:53  Zergling x4  
  33  2:59  Zergling x2  
  33  3:06  Zergling x8  
  37  3:14  Overlord  
  37  3:19  Zergling x6  
  41  3:20  Zergling x2  
  40  3:31  Zergling x4  
  42  3:37  Zergling x6, Extractor  
  44  3:41  Overlord  
  44  3:42  Drone  
  45  3:52  Drone  
  45  3:53  Drone x3  
  45  4:09  Zergling x12  
  36  4:30  Zergling x6  
  36  4:31  Zergling x2  
  39  4:37  Evolution Chamber  
  38  4:41  Evolution Chamber, Zergling x8  
  38  4:44  Drone  
  40  4:57  Zergling x8  
  42  5:13  Zergling x10  
  46  5:17  Zerg Melee Weapons Level 1  
  39  5:33  Drone  
  39  5:34  Drone x4  
  43  5:40  Lair  
  43  5:47  Overlord  
  43  5:48  Drone  
  44  5:52  Extractor  
  44  5:53  Extractor  
  42  6:05  Zerg Ground Armor Level 1  
  42  6:11  Drone x5  
  43  6:13  Drone  
  39  6:19  Drone x2  
  39  6:21  Drone  
  42  6:27  Spore Crawler  
  42  6:32  Spore Crawler  
  40  6:34  Spore Crawler  
  39  6:42  Spire  
  39  6:46  Zergling x2  
  39  6:47  Zergling x4  
  41  6:59  Zergling x6  
  41  7:00  Zergling x8  
  48  7:12  Zerg Melee Weapons Level 2  
  48  7:25  Drone x3  
  48  7:28  Overlord  
  51  7:35  Hatchery  
  47  7:45  Extractor  
  47  7:46  Drone x3  
  41  8:00  Mutalisk x2  
  41  8:01  Mutalisk x3  
  41  8:04  Mutalisk  
  51  8:24  Mutalisk x3  
  51  8:25  Mutalisk x2  
  61  8:44  Zergling x2  
  61  8:45  Zergling x12  
  34  9:30  Zergling x6  
  34  9:31  Zergling x14  
  44  9:37  Overlord  
  44  10:14  Drone x2  
  45  10:15  Corruptor  
  45  10:16  Corruptor x4  
  46  11:26  Zergling x8  
  46  11:27  Zergling x4  
  52  11:58  Corruptor  
  52  11:59  Corruptor  
  56  12:08  Mutalisk x2  
  56  12:12  Overlord  
  60  12:29  Queen  
Show
View Real Time Build Order
Export as new Build Order

Grumm Zerg 

Build Orders: Pool First 

Get SALT Encoding   

  12  0:01  Drone  
  13  0:13  Overlord  
  13  0:18  Drone  
  14  0:35  Spawning Pool  
  14  0:40  Drone  
  14  0:50  Drone x2  
  16  0:57  Extractor  
  15  1:22  Hatchery  
  15  1:24  Zergling x4  
  16  1:25  Zergling x2  
  17  1:37  Extractor  
  16  1:40  Queen  
  18  2:01  Drone x3  
  21  2:12  Drone  
  22  2:16  Lair  
  22  2:36  Queen  
  24  2:37  Drone x2  
  23  3:07  Drone  
  23  3:08  Drone x4  
  23  3:09  Overlord  
  23  3:12  Evolution Chamber  
  27  3:17  Drone  
  28  3:23  Overlord  
  28  3:31  Pneumatized Carapace  
  28  3:37  Zergling x2  
  28  3:38  Zergling x4  
  31  3:47  Zergling x8  
  35  4:09  Drone  
  38  4:10  Drone x4  
  40  4:38  Roach Warren  
  36  4:39  Overlord x2  
  35  4:45  Zergling x2  
  35  4:46  Zergling x10  
  35  5:47  Spine Crawler  
  33  5:59  Spore Crawler  
  33  6:00  Spore Crawler  
  31  6:05  Hydralisk Den  
  31  6:07  Drone x4  
  31  6:08  Overlord x2  
  32  6:22  Roach  
  32  6:23  Roach x3  
  40  6:34  Hydralisk  
  40  6:35  Hydralisk x3  
  48  6:44  Hydralisk x4  
  56  6:53  Hydralisk  
  58  7:23  Hydralisk x3  
  58  7:24  Hydralisk x2  
  58  7:25  Overlord x2  
  58  7:27  Extractor  
  67  7:30  Extractor  
  67  7:34  Muscular Augments  
  67  7:35  Zerg Missile Weapons Level 1  
  66  7:42  Hydralisk  
  66  8:01  Roach  
  66  8:02  Roach x8  
  80  8:21  Hydralisk x2  
  80  8:26  Overlord x2  
  82  8:44  Queen  
  74  9:04  Hydralisk x5  
  80  9:12  Drone  
  80  9:13  Zergling x10  
  80  9:23  Zergling x2  
  81  9:24  Zergling x6  
  81  9:30  Zergling x8  
  84  9:38  Overlord  
  84  10:14  Drone  
  84  10:17  Hydralisk  
  84  10:18  Hydralisk x2  
  48  11:25  Zergling x2  
  48  11:26  Zergling x30  
  48  11:27  Zergling x2  
  62  11:38  Metabolic Boost  
  57  12:00  Overlord x2  
  57  12:04  Roach  
  57  12:05  Roach x6  
  69  12:42  Hydralisk x10  
  69  12:43  Hydralisk  
Show
View Real Time Build Order
Export as new Build Order

Protossmafia Zerg - Winner!

Build Orders: Pool First 

Get SALT Encoding   

  12  0:03  Drone  
  13  0:10  Drone  
  14  0:19  Overlord  
  14  0:38  Drone  
  14  0:39  Drone x2  
  17  0:53  Drone  
  18  1:02  Drone  
  19  1:08  Spawning Pool  
  18  2:11  Hatchery  
  18  2:15  Zergling x2, Overlord  
  17  2:16  Zergling x2  
  19  2:32  Hatchery  
  19  2:33  Zergling x2, Extractor  
  18  2:55  Zergling x4  
  19  3:04  Drone  
  19  3:06  Queen  
  18  3:22  Zergling x4  
  20  3:31  Drone  
  21  3:35  Drone  
  22  3:41  Baneling Nest  
  22  3:42  Zergling x2  
  3  5:31  Drone x7  
  3  5:32  Drone  
  11  5:49  Drone x2  
  10  6:39  Drone x3  
  11  6:40  Drone x3  
Show
View Real Time Build Order
Export as new Build Order

StorM Protoss - Winner!

Build Orders:  

Get SALT Encoding   

  12  0:01  Probe (Chrono Boost)  
  13  0:12  Probe (Chrono Boost)  
  14  0:22  Probe (Chrono Boost)  
  15  0:36  Pylon  
  15  0:38  Pylon  
  15  0:54  Probe (Chrono Boost)  
  16  1:04  Probe (Chrono Boost)  
  16  1:10  Nexus  
  17  1:16  Probe (Chrono Boost)  
  18  1:25  Gateway  
  18  1:27  Probe (Chrono Boost)  
  19  1:33  Assimilator  
  19  1:39  Assimilator  
  19  1:42  Probe (Chrono Boost)  
  20  1:52  Probe (Chrono Boost)  
  21  2:05  Probe (Chrono Boost)  
  22  2:14  Cybernetics Core  
  22  2:21  Forge  
  22  2:24  Probe x2 (Chrono Boost)  
  22  2:29  Zealot  
  26  2:36  Probe x2 (Chrono Boost)  
  28  2:49  Probe (Chrono Boost)  
  29  2:57  Probe (Chrono Boost)  
  30  3:02  Zealot  
  34  3:05  Mothership Core (Chrono Boost)  
  34  3:06  Warp Gate (Chrono Boost)  
  34  3:10  Photon Cannon  
  34  3:14  Pylon  
  34  3:29  Zealot  
  36  3:34  Stargate  
  36  3:36  Pylon  
  36  3:38  Probe  
  36  3:39  Probe  
  38  3:51  Probe  
  38  3:52  Probe  
  38  3:55  Photon Cannon  
  38  3:56  Stalker  
  40  4:06  Probe  
  40  4:08  Probe  
  42  4:17  Probe  
  42  4:20  Probe  
  40  4:25  Void Ray (Chrono Boost)  
  40  4:27  Probe  
  45  4:32  Probe  
  45  4:36  Gateway  
  46  4:39  Gateway  
  46  4:42  Gateway  
  46  4:47  Photon Cannon  
  46  4:49  Gateway, Photon Cannon  
  46  4:53  Pylon  
  46  4:54  Probe  
  46  4:55  Assimilator, Pylon, Probe  
  46  4:58  Assimilator, Pylon  
  46  5:07  Stalker  
  48  5:10  Void Ray (Chrono Boost)  
  52  5:18  Probe  
  52  5:19  Probe  
  52  5:31  Pylon  
  52  5:33  Pylon  
  52  5:35  Pylon  
  52  5:40  Zealot x2  
  52  5:42  Stalker  
  58  5:55  Void Ray (Chrono Boost)  
  62  6:02  Probe  
  62  6:04  Probe  
  64  6:10  Zealot x5  
  64  6:11  Nexus  
  72  6:32  Void Ray (Chrono Boost)  
  76  6:34  Pylon x2  
  76  6:36  Pylon  
  76  6:38  Pylon  
  76  6:56  Stalker x5  
  86  7:15  Void Ray (Chrono Boost)  
  90  7:23  Gateway  
  90  7:24  Probe x2  
  90  7:25  Probe  
  90  7:27  Gateway, Stalker x5  
  103  7:30  Gateway  
  103  7:34  Probe x2, Gateway  
  103  7:36  Gateway  
  103  7:59  Probe x2  
  103  8:00  Probe  
  103  8:05  Stalker x4  
  112  8:06  Stalker  
  112  8:08  Void Ray (Chrono Boost)  
  118  8:32  Stalker x5  
  114  8:57  Stalker  
  114  8:58  Stalker x4  
  114  8:59  Stalker x2  
  100  9:12  Robotics Facility  
  100  9:14  Probe x2  
  100  9:15  Robotics Facility, Assimilator  
  100  9:16  Probe  
  89  9:19  Assimilator  
  79  9:25  Protoss Ground Weapons Level 1  
  79  9:29  Stalker x2  
  79  9:30  Stalker x5  
  93  9:33  Void Ray (Chrono Boost)  
  97  9:38  Forge  
  97  9:43  Twilight Council  
  97  9:57  Stalker x3  
  97  9:58  Stalker x4  
  111  10:06  Robotics Bay  
  119  10:07  Immortal x2 (Chrono Boost)  
  119  10:13  Protoss Ground Armor Level 1  
  119  10:14  Void Ray  
  123  10:22  Zealot x5  
  123  10:23  Zealot x2  
  137  10:45  Zealot x3  
  137  10:46  Zealot x2  
  137  10:47  Zealot x2  
  147  10:53  Mothership Core  
  125  11:05  Immortal (Chrono Boost)  
  108  11:28  Immortal (Chrono Boost)  
  108  11:29  Mothership Core  
  108  11:31  Zealot  
  108  11:32  Zealot x2  
  105  11:50  Pylon  
  105  11:53  Pylon  
  105  12:06  Pylon  
  108  12:08  Disruptor (Chrono Boost)  
  108  12:09  Disruptor (Chrono Boost)  
  108  12:10  Probe  
  108  12:11  Probe x2  
  108  12:14  Stalker  
  108  12:15  Stalker x3  
  122  12:23  Probe x3  
  122  12:27  Pylon  
  122  12:28  Pylon  
  125  12:35  Probe  
  118  12:45  Zealot  
  118  12:46  Stalker x4  
  118  12:47  Probe, Stalker x2  
  118  12:49  Probe x2  
  108  12:59  Probe  
  105  13:15  Stalker x5  
Tags
 
Add a new tag
Caveats
  • Supply blocks, unpowered buildings, or Contaminate may cause inaccurate times.
  • Supply counts are checked every 10 seconds.